 Dungeon Crawl Stone Soup version 0.29-a0-409-gd843f3a48c (webtiles) character file.

Game seed: 9635513820721614954

820 dolemite99 the Carver (level 7, -3/41 HPs)
             Began as a Gargoyle Fighter on May 14, 2022.
             Was a Believer of Makhleb.
             Slain by an ogre
             ... wielding a +0 giant club
              (18 damage)
             ... on level 4 of the Dungeon.
             The game lasted 00:06:08 (5626 turns).

dolemite99 the Carver (Gargoyle Fighter)            Turns: 5626, Time: 00:06:09

Health: -3/41      AC: 16    Str: 20    XL:     7   Next: 95%
Magic:  7/7        EV:  9    Int:  8    God:    Makhleb [**....]
Gold:   242        SH:  9    Dex: 11    Spells: 6/6 levels left

rFire   . . .      SeeInvis .   a - +1 long sword
rCold   + . .      Faith    .   z - +0 buckler
rNeg    + . .      Spirit   .   b - +0 scale mail
rPois   ∞          Reflect  +   (no helmet)
rElec   +          Harm     .   n - +0 cloak
rCorr   .          Rampage  .   (no gloves)
Will    .....                   (no boots)
Stlth   ..........              e - amulet of reflection
HPRegen 0.13/turn               m - ring of protection from cold
MPRegen 0.10/turn               c - +4 ring of protection {=R}

@: no status effects
A: sickness immunity, AC +4, negative energy resistance 1, electricity
resistance, torment resistance 1, petrification resistance
a: Renounce Religion, Minor Destruction


You were on level 4 of the Dungeon.
You worshipped Makhleb.
Makhleb was pleased with you.
You visited 1 branch of the dungeon, and saw 5 of its levels.

You collected 242 gold pieces.

Inventory:

Hand Weapons
 a - a +1 long sword (weapon)
 l - a +1 short sword of speed
 p - a +0 dagger of flaming
 w - a +2 short sword of venom
Missiles
 x - a poisoned dart (quivered)
Armour
 b - a +0 scale mail (worn)
 n - a +0 cloak (worn)
 z - a +0 buckler (worn)
Jewellery
 c - a +4 ring of protection (right hand) {=R}
 e - an amulet of reflection (around neck)
 m - a ring of protection from cold (left hand)
 o - a +6 ring of intelligence
Wands
 f - a wand of flame (33)
Scrolls
 h - 2 scrolls of fog
 i - a scroll of magic mapping
 k - a scroll of poison
 r - a scroll of noise
 t - a scroll of enchant weapon
Potions
 d - a potion of degeneration {unknown}
 j - 2 potions of flight {unknown}
 q - a potion of ambrosia {unknown}
 s - 2 potions of curing
 u - 2 potions of haste {unknown}


   Skills:
 - Level 3.2 Fighting
 + Level 8.1 Long Blades
 - Level 3.2 Armour
 - Level 3.2 Shields


You had 6 spell levels left.
You didn't know any spells.
Your spell library contained the following spells:

 Spells                   Type           Power      Damage    Failure   Level
 Summon Small Mammal      Summ           0%         N/A       85%         1
 Call Canine Familiar     Summ           0%         N/A       99%         3
 Gell's Gravitas          Tloc           0%         N/A       99%         3
 Lesser Beckoning         Tloc           0%         N/A       99%         3
 Summon Guardian Golem    Hex/Summ       0%         N/A       99%         3
 Teleport Other           Tloc           0%         N/A       99%         3


Dungeon Overview and Level Annotations

Branches:
Dungeon (5/15)
 Temple: D:4-7

Altars:
Makhleb
Okawaru


Innate Abilities, Weirdness & Mutations

You are immune to sickness and miasma.
Your stone body is resilient. (AC +4)
You are immune to poison.
You resist negative energy. (rN+)
You are resistant to electric shocks. (rElec)
You are resistant to unholy torment.
You are immune to petrification.


Message History

There is a stone staircase leading down here.
You climb downwards.
An iguana comes into view.
There is a stone staircase leading up here.
An ogre comes into view. It is wielding a +0 giant club.
The iguana hisses angrily.
You see here a poisoned dart.
x - a poisoned dart The ogre hits you but does no damage.
There is a stone staircase leading up here.
You slash the ogre!
The ogre is moderately wounded.
The phantom closely misses you. The ogre hits you with a +0 giant club!
You barely miss the ogre.
The ogre is moderately wounded.
You block the iguana's attack.
The phantom hits you but does no damage.
The phantom hits you but does no damage.
The iguana bites you but does no damage.
The ogre closely misses you.
You climb upwards.
There is a stone staircase leading down here.
You slash the ogre!
The ogre is severely wounded.
The iguana bites you! You block the phantom's attack.
The ogre hits you with a +0 giant club!
* * * LOW HITPOINT WARNING * * *
Okay, then.
You feel much better.
The iguana bites you but does no damage.
The phantom closely misses you.
You feel much better.
The ogre hits you with a +0 giant club!!
The iguana bites you. You block the phantom's attack.
You hit the ogre.
The ogre is severely wounded.
The iguana closely misses you.
The phantom hits you but does no damage.
The ogre hits you with a +0 giant club!!
You die...

#.....##.## #...
#.....#...# #.##
###.......###...
###.......##....
###.........##....
##.#..........#..##
#......#........###
#WO....#........###
##@.............##)
##l............#..
#.........##..#.)
##..........##...#
#...........#..#.#
##....?.....#..###
#........##.....#
##........#.......
###.................


You could see an ogre, a phantom and an iguana.

Vanquished Creatures
  Sigmund (D:3)
  Pargi (D:3)
  A phantom (D:4)
  A necrophage (D:4)
  A scorpion (D:4)
  A howler monkey (D:5)
  2 hounds (D:4)
  An orc priest (D:4)
  An iguana (D:4)
  Ijyb (D:3)
  An orc wizard (D:4)
  3 gnolls (D:4)
  4 adders
  A white imp (D:5)
  2 worms
  4 dart slugs
  5 orcs
  10 ball pythons
  5 endoplasms
  4 giant cockroaches
  9 goblins
  4 hobgoblins
  4 quokkas
  5 bats
  3 frilled lizards
  13 kobolds
  5 rats
93 creatures vanquished.

Notes
Turn   | Place    | Note
-------+----------+-------------------------------------------
     0 | D:1      | dolemite99 the Gargoyle Fighter began the quest for the
                  | Orb.
     0 | D:1      | Reached XP level 1. HP: 14/14 MP: 1/1
   319 | D:1      | Reached skill level 2 in Long Blades
   433 | D:1      | Reached XP level 2. HP: 19/19 MP: 2/2
   606 | D:1      | Reached skill level 3 in Long Blades
   607 | D:1      | Reached XP level 3. HP: 22/23 MP: 3/3
   988 | D:1      | Found a faded altar of an unknown god.
  1080 | D:1      | Prayed at the altar of an unknown god.
  1080 | D:1      | Became a worshipper of Makhleb the Destroyer
  1080 | D:1      | Reached * piety under Makhleb
  2075 | D:2      | Reached XP level 4. HP: 21/28 MP: 4/4
  2228 | D:2      | Identified the +1 leather armour of Efinyd {rF- rN+++
                  | Int+10}
  2476 | D:3      | Found an iron altar of Okawaru.
  2661 | D:3      | Reached skill level 4 in Long Blades
  2684 | D:3      | Reached ** piety under Makhleb
  3062 | D:3      | Noticed Ijyb
  3081 | D:3      | Killed Ijyb
  3082 | D:3      | Reached XP level 5. HP: 19/32 MP: 5/5
  3413 | D:3      | Noticed Pargi
  3436 | D:3      | Killed Pargi
  3437 | D:3      | Reached skill level 5 in Long Blades
  3646 | D:3      | Noticed Sigmund
  3652 | D:3      | Killed Sigmund
  3653 | D:3      | Reached skill level 6 in Long Blades
  3653 | D:3      | Reached XP level 6. HP: 32/37 MP: 6/6
  4104 | D:4      | Reached XP level 7. HP: 33/41 MP: 7/7
  4711 | D:5      | Entered Level 5 of the Dungeon
  4726 | D:5      | Reached skill level 7 in Long Blades
  5214 | D:4      | Reached skill level 8 in Long Blades
  5626 | D:4      | Slain by an ogre

Illustrated notes

Levels and vault maps discovered:
D:1:      eino_arrival_druids_welcome, layout_loops_cross,
          chequers_ecumenical_altar_grove
D:2:      layout_loops_corners, chequers_garden, kennysheep_path_1
D:3:      layout_loops_corners, okawaru_gym_becter, lemuel_flame_loot_1,
          uniq_sigmund, uniq_pargi, uniq_ijyb
D:4:      layout_cave_pools
D:5:      layout_cave_pools, minmay_temple_entry_sparse_star,
          serial_column_ruins, column_ruins_square_huge, column_ruins_hut,
          column_ruins_columns_corner, column_ruins_grid_2,
          column_ruins_open_tiny, column_ruins_open_small

Skill      XL: |  1  2  3  4  5  6  7 |
---------------+----------------------+-----
Long Blades    | 2 3 4 6 8 |  8.1
Fighting       | |  3.2
Armour         | |  3.2
Shields        | |  3.2

Action                   |  1- 3 |  4- 6 |  7- 9 || total
-------------------------+-------+-------+-------++-------
Melee: Long sword        |   158 |   154 |   106 ||   418
Throw: Boomerang         |       |     2 |       ||     2
       Dart              |       |    12 |     3 ||    15
  Use: Scroll            |     4 |     4 |     3 ||    11
       Potion            |       |     2 |     2 ||     4
Armor: Scale mail        |    86 |    95 |   119 ||   300
Dodge: Dodged            |    76 |    48 |    76 ||   200
Block: Buckler           |    35 |    83 |    68 ||   186
       Reflection        |       |     1 |       ||     1

Table legend: (Time is in decaauts)
 A = Elapsed time spent in this place.
 B = Non-inter-level travel time spent in this place.
 C = Inter-level travel time spent in this place.
 D = Time resting spent in this place.
 E = Time spent auto-exploring this place.
 F = Levels seen in this place.
 G = Mean time per level.
                   A        B        C        D        E       F      G
               +--------+--------+--------+--------+--------+-----+--------+
         Total |   5714 |   5578 |    136 |   1881 |   2546 |   5 | 1142.8 |
       Dungeon |   5714 |   5578 |    136 |   1881 |   2546 |   5 | 1142.8 |
               +--------+--------+--------+--------+--------+-----+--------+

Top non-repeatable levels by time:
     D:4: 1617 daAuts
     D:3: 1423 daAuts
     D:2: 1375 daAuts
     D:1: 1136 daAuts
     D:5: 161 daAuts
